 Dungeon Crawl Stone Soup version 0.29-a0-359-g541a27f54d (webtiles) character file.

Game seed: 2252512424765450661

1117 Gargoyl the Skirmisher (level 8, 0/49 HPs)
             Began as a Gargoyle Abyssal Knight on Apr 28, 2022.
             Was an Elder of Lugonu.
             Slain by an ogre
             ... wielding a +0 giant club
              (18 damage)
             ... on level 5 of the Dungeon.
             The game lasted 00:13:16 (7257 turns).

Gargoyl the Skirmisher (Gargoyle Abyssal Knight)    Turns: 7257, Time: 00:13:17

Health: 0/49       AC: 11    Str: 19    XL:     8   Next: 34%
Magic:  9/9        EV: 11    Int:  6    God:    Lugonu [****..]
Gold:   362        SH:  3    Dex: 12    Spells: 7/7 levels left

rFire   . . .      SeeInvis .   c - +2 short sword (venom)
rCold   . . .      Faith    .   f - +0 buckler
rNeg    + . .      Spirit   .   j - +2 leather armour of the Chupacabra {Will+ Str+2 Int-5}
rPois   ∞          Reflect  .   (no helmet)
rElec   +          Harm     .   (no cloak)
rCorr   .          Rampage  .   (no gloves)
Will    +....      Rage     1%  (no boots)
Stlth   +.........              (no amulet)
HPRegen 0.16/turn               (no ring)
MPRegen 0.11/turn               (no ring)

@: on berserk cooldown, slowed, very slow
A: sickness immunity, AC +5, negative energy resistance 1, electricity
resistance, torment resistance 1, petrification resistance, berserk 1
a: Renounce Religion, Depart the Abyss, Bend Space, Banish, Corrupt


You were on level 5 of the Dungeon.
You worshipped Lugonu.
Lugonu was greatly pleased with you.
You visited 1 branch of the dungeon, and saw 8 of its levels.
You visited the Abyss 1 time.

You collected 362 gold pieces.

Inventory:

Hand Weapons
 a - a +1 hand axe
 c - a +2 short sword of venom (weapon)
 e - a +2 vorpal falchion
 l - a +1 hand axe of freezing
Armour
 f - a +0 buckler (worn)
 j - the +2 leather armour of the Chupacabra (worn) {Will+ Str+2 Int-5}
   (You found it on level 4 of the Dungeon)

   Str:       It affects your strength (+2).
   Int:       It affects your intelligence (-5).
   Will:      It increases your willpower.
Jewellery
 i - a ring of protection from cold
Scrolls
 d - 2 scrolls of teleportation
Potions
 b - 3 potions of resistance
 h - a potion of lignification


   Skills:
 + Level 5.3 Fighting
 + Level 5.2 Short Blades
 + Level 0.3(3.2) Long Blades
 + Level 2.5 Axes
 + Level 5.1 Armour
 + Level 2.9 Dodging
 + Level 1.4 Stealth
 + Level 2.4 Invocations


You had 7 spell levels left.
You didn't know any spells.
Your spell library contained the following spells:

 Spells                   Type           Power      Damage    Failure   Level
 Beastly Appendage        Tmut           0%         N/A       63%         1
 Wereblood                Tmut           0%         N/A       77%         2
 Portal Projectile        Hex/Tloc       0%         N/A       94%         3
 Spider Form              Tmut/Pois      0%         N/A       94%         3
 Passage of Golubria      Tloc           0%         N/A       100%        4
 Blade Hands              Tmut           0%         N/A       100%        5
 Excruciating Wounds      Necr           0%         N/A       100%        5
 Silence                  Hex/Air        0%         N/A       100%        5
 Lehudib's Crystal Spear  Conj/Erth      0%         10d2      100%        8


Dungeon Overview and Level Annotations

Branches:
Dungeon (8/15)
 Temple: D:4-7         Lair: D:8-11

Altars:
Fedhas
Nemelex Xobeh
Okawaru
Vehumet
Wu Jian

Shops:
D:1 =

Annotations:
D:4 1 runed translucent door, Crazy Yiuf
D:8 Grum, Joseph


Innate Abilities, Weirdness & Mutations

You are immune to sickness and miasma.
Your stone body is resilient. (AC +5)
You are immune to poison.
You resist negative energy. (rN+)
You are resistant to electric shocks. (rElec)
You are resistant to unholy torment.
You are immune to petrification.
You tend to lose your temper in combat.


Message History

Unknown command.
You kill the orc!
Lugonu accepts your kill. The orc barely misses you.
Items here: ))) [[[ †.
Unknown command.
You feel a strong urge to attack something.
Things that are here:
a +0 dagger; a +0 chain mail The orc barely misses you.
Items here: ))) [[[ †.
You barely miss the orc. The orc hits you but does no damage.
You puncture the orc!
You kill the orc!
Lugonu accepts your kill.
You see here a +0 club.
You feel a strong urge to attack something.
You are no longer berserk.
You are exhausted.
You feel yourself slow down.
You see here a +0 club.
Items here: ))) [[[ †.
An ogre comes into view. It is wielding a +0 giant club.
The ogre shouts!
You see here a ring of protection from cold.
i - a ring of protection from cold Throw: throwing net
Press: ? - help, Q - select action, (/) - cycle Shift-Dir - straight line, f - ogre
Aim: an ogre, wielding a +0 giant club (74% to hit)
You throw a throwing net.
The throwing net closely misses the ogre.
Unknown command.
You hit the ogre.
The ogre is poisoned.
The ogre is lightly wounded.
The ogre hits you with a +0 giant club!!
Ouch! That really hurt!
You puncture the ogre!
The ogre looks as sick as possible!
The ogre is heavily wounded.
The ogre hits you with a +0 giant club!!
You die...

### ##.####
###...#.###
#.@....#.>##
###.O....###.#
#.........).##
.....#..###.).#
##....(## ##)##
##...## ##..#
##.. #...# ....
#....# ....
#....#


You could see an ogre (extremely poisoned).

Vanquished Creatures
  Sigmund (D:4)
  A sky beast (D:6)
  A black bear (D:4)
  A phantom (D:4)
  Blork the orc (D:4)
  An orc priest (D:7)
  2 iguanas
  Natasha (thrice) (D:2)
  3 orc wizards
  17 gnolls
  4 adders
  2 ufetubi
  An adder skeleton (D:2)
  15 orcs
  5 ball pythons
  A bat zombie (D:2)
  10 endoplasms
  3 giant cockroaches
  25 goblins
  32 hobgoblins
  5 jackals
  2 quokkas
  A ball python skeleton (D:2)
  A ball python zombie (D:2)
  8 bats
  3 frilled lizards
  A jackal skeleton (D:2)
  16 kobolds
  A quokka skeleton (D:2)
  A quokka zombie (D:2)
  3 rats
171 creatures vanquished.

Vanquished Creatures (others)
  5 plants (D:3)
5 creatures vanquished.

Grand Total: 176 creatures vanquished

Notes
Turn   | Place    | Note
-------+----------+-------------------------------------------
     0 | Abyss:1  | Gargoyl the Gargoyle Abyssal Knight began the quest for the
                  | Orb.
     0 | Abyss:1  | Reached XP level 1. HP: 14/14 MP: 2/2
    19 | D:1      | Escaped the Abyss
   262 | D:1      | Reached XP level 2. HP: 3/20 MP: 3/3
   756 | D:1      | Found Puddem's Jewellery Shop.
   785 | D:1      | Found a faded altar of an unknown god.
   790 | D:1      | Reached XP level 3. HP: 22/24 MP: 4/4
   801 | D:1      | Reached ** piety under Lugonu
  1023 | D:2      | Reached skill level 1 in Dodging
  1032 | D:2      | Reached skill level 1 in Short Blades
  1349 | D:2      | Reached XP level 4. HP: 29/29 MP: 5/5
  1439 | D:2      | Noticed Natasha
  1475 | D:2      | Killed Natasha
  1546 | D:2      | Noticed Natasha
  1557 | D:2      | Killed Natasha
  1558 | D:2      | Reached XP level 5. HP: 11/33 MP: 6/6
  1605 | D:2      | Noticed Natasha
  1618 | D:2      | Killed Natasha
  2186 | D:3      | Reached *** piety under Lugonu
  2460 | D:3      | Found an ornate altar of the Wu Jian Council.
  2572 | D:3      | Gained mutation: You tend to lose your temper in combat.
                  | [potion of mutation]
  2678 | D:3      | Found an iron altar of Okawaru.
  2792 | D:3      | Reached XP level 6. HP: 7/38 MP: 7/7
  3281 | D:3      | HP: 1/38 [goblin/sling bullet (4)]
  3844 | D:3      | Reached skill level 1 in Stealth
  4149 | D:3      | Reached **** piety under Lugonu
  4826 | D:4      | Reached XP level 7. HP: 32/44 MP: 8/8
  5356 | D:4      | Found a radiant altar of Vehumet.
  5391 | D:4      | Found a sparkling altar of Nemelex Xobeh.
  5415 | D:4      | Identified the +2 leather armour of the Chupacabra {Will+
                  | Str+2 Int-5}
  5438 | D:4      | Found a blossoming altar of Fedhas.
  5777 | D:4      | Found a runed translucent door.
  5778 | D:4      | Noticed Crazy Yiuf
  6093 | D:4      | Noticed Blork the orc
  6098 | D:4      | Noticed Sigmund
  6104 | D:4      | Killed Blork the orc
  6105 | D:4      | Reached skill level 5 in Fighting
  6112 | D:5      | Entered Level 5 of the Dungeon
  6226 | D:4      | Killed Sigmund
  6227 | D:4      | Reached skill level 5 in Armour
  6227 | D:4      | Reached XP level 8. HP: 35/49 MP: 9/9
  6340 | D:5      | You fall into a shaft and drop 3 floors!
  6342 | D:8      | Noticed a slime creature
  6346 | D:8      | Reached skill level 5 in Short Blades
  6354 | D:8      | Noticed a slime creature
  6355 | D:8      | Noticed a slime creature
  6634 | D:8      | Noticed Joseph
  6635 | D:8      | Noticed Grum
  6643 | D:8      | Noticed a slime creature
  7257 | D:5      | Slain by an ogre

Illustrated notes

Levels and vault maps discovered:
D:1:      minmay_arrival_up_and_down, layout_rooms,
          hellmonk_ecumenical_altar_blasted, serial_shops, shop_fountains,
          hangedman_decor_points
D:2:      layout_rooms, serial_undead, serial_undead_f, serial_undead_f,
          serial_undead_c, serial_undead_a, st_stairs_8, minmay_domino_4,
          uniq_natasha
D:3:      minmay_goblin_kobold_castle, layout_loops_corners,
          nzn_wu_jian_contemplation, mainiacjoe_overflow_alcove_2,
          chequers_serial_rivers_micro_e, minmay_shallow_snake_nest
D:4:      mumra_celtic_spiral_tile, layout_rooms, old_standard_altar,
          mainiacjoe_overflow_catch_the_wave, minivault_27, uniq_blork_the_orc,
          uniq_sigmund, uniq_crazy_yiuf_cottage
D:5:      black_bear_nest_1, layout_layer_cave,
          lightli_ossuary_entry_decrepit_ruins, hangedman_glass_teeth,
          minmay_lizard_king
D:6:      layout_layer_cave, mainiacjoe_overflow_concentric_impassable,
          dk_rats_in_the_wall
D:7:      layout_layer_cave, general_overflow_altar,
          minmay_temple_entry_enclosed_plants, serial_shops,
          nicolae_shop_hallway_plus, uniq_pikel, uniq_maggie
D:8:      layout_rooms, uniq_joseph, uniq_amaemon, uniq_grum

Skill      XL: |  1  2  3  4  5  6  7  8 |
---------------+-------------------------+-----
Axes           | 2 |  2.5
Fighting       | 4 5 |  5.3
Dodging        | 1 2 |  2.9
Short Blades   | 1 2 3 4 5 |  5.2
Armour         | 3 4 5 |  5.1
Stealth        | 1 |  1.4
Long Blades    | |  0.3
Invocations    | |  2.4

Action                   |  1- 3 |  4- 6 |  7- 9 || total
-------------------------+-------+-------+-------++-------
Melee: Hand axe          |     6 |       |    25 ||    31
       Falchion          |     8 |       |       ||     8
       Short sword       |    60 |   271 |   130 ||   461
       Punch             |       |     1 |     1 ||     2
Throw: Throwing net      |       |       |     1 ||     1
Invok: Depart the Abyss  |     1 |       |       ||     1
       Bend Space        |       |     1 |     2 ||     3
       Banish            |       |       |     1 ||     1
  Use: Potion            |     2 |     3 |       ||     5
       Scroll            |     1 |     5 |     4 ||    10
Armor: Leather armour    |    34 |       |    74 ||   108
       Skin              |     2 |    16 |       ||    18
       Scale mail        |    35 |    56 |       ||    91
       Chain mail        |       |   224 |    16 ||   240
Dodge: Dodged            |    72 |   184 |    94 ||   350
Block: Buckler           |       |       |     7 ||     7

Table legend: (Time is in decaauts)
 A = Elapsed time spent in this place.
 B = Non-inter-level travel time spent in this place.
 C = Inter-level travel time spent in this place.
 D = Time resting spent in this place.
 E = Time spent auto-exploring this place.
 F = Levels seen in this place.
 G = Mean time per level.
                   A        B        C        D        E       F      G
               +--------+--------+--------+--------+--------+-----+--------+
         Total |   7242 |   7181 |     61 |    716 |   4974 |   9 |  804.7 |
       Dungeon |   7223 |   7162 |     61 |    716 |   4956 |   8 |  902.9 |
         Abyss |     19 |     19 |      0 |      0 |     18 |   1 |   19.0 |
               +--------+--------+--------+--------+--------+-----+--------+

Top non-repeatable levels by time:
     D:3: 2774 daAuts
     D:4: 1358 daAuts
     D:1: 1230 daAuts
     D:2: 740 daAuts
     D:7: 413 daAuts
     D:8: 308 daAuts
     D:5: 263 daAuts
     D:6: 133 daAuts
 Abyss:1: 19 daAuts
